AoeStats
← Subterfugio

African Clearing

504387425Analyzed
2v2 RM · 29d ago on Sep 5, 2026· 81m 15s· 4 players
Game mode
Random Map
Map size
Medium (4 player)
Population
200
Speed
Normal
Resources
Standard
Victory
Conquest
Starting age
Dark Age
Ending age
Imperial Age
RankedLock teamsTeams togetherTeam positionsShared explorationLock speedFull tech treeHidden civsTurbo modeCheats
Victory
Defeat
🇺🇸 Franks · United States
971
+13
🇺🇸 Georgians · United States
790
+20
🇦🇷 Byzantines · Argentina
922
-45
🇦🇷 Slavs · Argentina
848
-15
ATiredDad33
11:37 Loom
15:58 Feudal Age
16:47 Double-Bit Axe
20:51 Castle Age
20:20 Stone Mining
21:12 Pikeman
22:10 Scale Mail Armor
23:13 Chain Mail Armor
24:02 Wheelbarrow
24:02 Gold Mining
25:33 Town Watch
26:04 Scale Barding Armor
26:38 Forging
27:43 Husbandry
28:37 Iron Casting
28:09 Gambesons
28:25 Squires
29:51 Chain Barding Armor
31:40 Fletching
39:46 Light Cavalry
41:19 Hand Cart
45:40 Bodkin Arrow
51:51 Imperial Age
50:11 #83
50:18 Padded Archer Armor
52:07 Town Patrol
52:28 Halberdier
54:24 Conscription
54:05 Cavalier
55:33 Masonry
56:22 Plate Mail Armor
57:45 Chivalry
62:59 Blast Furnace
62:13 Elite Throwing Axeman
63:44 Ballistics
64:57 Plate Barding Armor
65:47 Leather Archer Armor
66:05 Paladin
69:56 Murder Holes
70:09 Siege Engineers
70:40 Caravan
72:50 Gold Shaft Mining
73:11 Coinage
75:40 Chemistry
81:58 Hoardings
Bar0n von Beard
4:04 Loom
15:44 Feudal Age
17:17 Wheelbarrow
16:29 Town Watch
22:11 Castle Age
25:56 Pikeman
27:54 Fletching
36:48 Hand Cart
38:15 Scale Barding Armor
38:09 Double-Bit Axe
39:30 Gold Mining
44:42 Husbandry
44:55 Bloodlines
45:04 Forging
47:36 Fervor
47:47 Sanctity
47:48 Gambesons
48:04 Squires
50:00 Chain Barding Armor
50:24 Stone Mining
53:27 Iron Casting
52:55 Scale Mail Armor
53:47 Horse Collar
54:01 Arson
54:57 Caravan
60:31 Imperial Age
58:46 Svan Towers
61:25 Chain Mail Armor
61:07 Bodkin Arrow
61:13 Padded Archer Armor
62:15 Blast Furnace
61:43 Ballistics
61:42 Cavalier
65:06 Chemistry
64:40 Conscription
65:34 Bow Saw
66:06 Stone Shaft Mining
65:38 Elite Monaspa
68:25 Plate Barding Armor
67:37 Treadmill Crane
68:09 Aznauri Cavalry
70:02 Heavy Plow
70:26 Block Printing
70:21 Siege Engineers
69:44 Capped Ram
71:18 Onager
72:01 Halberdier
Mati5010
9:13 Loom
13:43 Feudal Age
16:49 Wheelbarrow
19:37 Forging
20:21 Scale Barding Armor
26:42 Castle Age
27:02 Horse Collar
27:37 Pikeman
29:04 Iron Casting
29:13 Husbandry
34:46 Chain Barding Armor
35:13 Hand Cart
35:19 Gold Mining
36:14 Heavy Plow
46:23 Imperial Age
47:43 Plate Barding Armor
47:13 Halberdier
47:30 Halberdier
48:28 Squires
49:12 Cavalier
50:56 Scale Mail Armor
54:06 Crop Rotation
53:34 Paladin
62:31 Double-Bit Axe
63:40 Conscription
65:28 Caravan
67:17 Gambesons
67:52 Bow Saw
70:41 Hoardings
73:35 Chemistry
72:56 Ballistics
72:48 Fortified Wall
73:05 Chain Mail Armor
Subterfugio
3:54 Loom
16:10 Feudal Age
18:28 Double-Bit Axe
23:06 Castle Age
22:21 Wheelbarrow
23:29 Bloodlines
23:57 Scale Barding Armor
24:59 Horse Collar
26:44 Chain Barding Armor
29:11 Forging
30:59 Crossbowman
34:15 Bow Saw
43:24 Iron Casting
46:20 Hand Cart
52:30 Imperial Age
51:43 Town Watch
51:35 Pikeman
53:04 Squires
53:17 Scale Mail Armor
55:05 Chain Mail Armor
55:07 Halberdier
56:12 Heavy Plow
57:29 Crop Rotation
58:58 Plate Mail Armor
58:46 Light Cavalry
61:11 Blast Furnace
62:58 Husbandry
64:54 Plate Barding Armor
64:13 Fletching
64:45 Town Patrol
65:09 Conscription
65:22 Gold Mining
65:27 Stone Mining
66:23 Druzhina
67:07 Hoardings
69:20 Hussar
71:56 Elite Boyar
73:22 Gold Shaft Mining
Connection lost

Rejoining the realm…

Still unreachable

The connection could not be restored.

Session expired

The server has moved on; the page needs a fresh start.